 Dungeon Crawl Stone Soup version 0.31-a0-521-gc7390f8997 (webtiles) character file.

Game seed: 6241983489391427516

266 Newt the Trooper (level 6, -1/51 HPs)
             Began as a Demonspawn Gladiator on Aug 10, 2023.
             Killed from afar by Ijyb (18 damage)
             ... with an iceblast
             ... on level 3 of the Dungeon.
             The game lasted 00:02:37 (2051 turns).

Newt the Trooper (Demonspawn Gladiator)             Turns: 2051, Time: 00:02:37

Health: -1/51      AC:  3    Str: 16    XL:     6   Next: 0%
Magic:  6/6        EV: 17    Int:  9    God:
Gold:   64         SH:  4    Dex: 15    Spells: 5/5 levels left

rFire   . . .        o - +0 whip (elec)
rCold   . . .        (no shield)
rNeg    . . .        b - +0 leather armour
rPois   .            (helmet restricted)
rElec   .            (no cloak)
rCorr   .            (no gloves)
SInv    .            (no boots)
Will    .....        g - amulet of regeneration
Stlth   +            (no ring)
HPRegen 1.08/turn    (no ring)
MPRegen 0.10/turn

%: no passive effects
@: agile
A: antennae 1, large bone plates 1, powered by pain 1
a: no special abilities


You were on level 3 of the Dungeon.
You visited 1 branch of the dungeon, and saw 3 of its levels.

You collected 64 gold pieces.

Inventory:

Hand Weapons
 a - a +0 rapier
 o - a +0 whip of electrocution (weapon)
Missiles
 d - 2 throwing nets (quivered)
Armour
 b - a +0 leather armour (worn)
 c - a +0 helmet
Jewellery
 g - an amulet of regeneration (around neck)
Talismans
 h - a beast talisman
 p - a maw talisman
Scrolls
 f - a scroll of poison
Potions
 k - a potion of haste {unknown}
 n - 2 potions of curing
 q - a potion of degeneration


   Skills:
 + Level 5.2 Fighting
 - Level 2.6 Short Blades
 - Level 3.0 Maces & Flails
 - Level 1.7 Throwing
 - Level 2.6 Dodging


You had 5 spell levels left.
You didn't know any spells.
Your spell library contained the following spells:

 Spells                   Type           Power      Damage    Failure   Level
 Ensorcelled Hibernation  Hex/Ice        0%         N/A       58%         2
 Passwall                 Tmut/Erth      0%         N/A       58%         2
 Call Canine Familiar     Summ           0%         N/A       83%         3
 Portal Projectile        Hex/Tloc       0%         N/A       83%         3
 Swiftness                Air            0%         N/A       83%         3
 Leda's Liquefaction      Hex/Erth       0%         N/A       99%         4


Dungeon Overview and Level Annotations

Branches:
Dungeon (3/15)

Altars:
Gozag

Shops:
D:3 *

Annotations:
D:3 Ijyb, Jessica


Innate Abilities, Weirdness & Mutations

You have a pair of small antennae on your head.
You are partially covered in large bone plates. (SH +4)
You sometimes gain a little power by taking damage.


Message History

Why would you want to do that? Why would you want to do that?
Why would you want to do that?
Ijyb zaps a wand.
The mass of ice explodes!
The iceblast engulfs you!
* * * LOW HITPOINT WARNING * * *
Unknown command.
Okay, then.
As you read the scroll labelled HEABO SAUTI, it crumbles to dust.
The creatures around you are filled with an inner flame!
It was a scroll of immolation.
Jessica gestures wildly while chanting.
Jessica blinks!
Okay, then.
Throw: javelin
Press: ? - help, Shift-Dir - straight line, f - Ijyb
Aim: Ijyb, wielding a +0 dagger, wearing a +0 ring mail and carrying a wand of iceblast (inner flame, 53% to hit)
You throw a javelin. The javelin completely misses Ijyb.
Unknown command.
Unknown command.
As you read the scroll labelled ARYELA BOMMI, it crumbles to dust.
You hear a loud clanging noise!
It was a scroll of noise.
You feel much better.
Unknown command.
There is a fountain of clear blue water here.
Jessica casts a spell at you. Pain shoots through your body!
Ijyb zaps a wand.
The mass of ice explodes!
The iceblast engulfs you!
You focus on the pain.
You feel more agile all of a sudden. The dart slug launches a dart at you.
The slug dart hits you but does no damage.
There is an entrance to Gozag's Platinum Reserve here.
Jessica casts a spell at you. Pain shoots through your body!
Ijyb screams, "Me very upset!"
Ijyb zaps a wand.
The mass of ice explodes!
The iceblast engulfs you. The dart slug launches a dart at you.
The slug dart hits you.
Ijyb zaps a wand.
The mass of ice explodes!
The iceblast engulfs you!!
You die...

######.......## .....
............... ..§..
#.....### #..###....
###.......# ...#...g
....≈≈.≈≈.# ..r...
###.≈...≈(# #....
####.≈._.≈g#########....
....≈≈.B.≈≈w....@w(.....
##@≈..@..≈#######......
#.≈.⌠.⌠.≈# #......
########.≈..∩..≈# #......
#.....##.≈.⌠.⌠.≈# ##......
#.....##.≈.....≈######[......
#...<.##.≈≈≈≈≈≈≈.............
#..._..)....########..##.....
#.....###...# #.## .....
#.....# ##### ####.# .....


You could see Ijyb (inner flame), a dart slug (inner flame), Jessica (fast,
inner flame) and a giant cockroach.

Vanquished Creatures
  Sigmund (D:3)
  Terence (D:2)
  2 adders (D:2)
  A worm (D:2)
  3 dart slugs
  5 ball pythons
  5 endoplasms (D:1)
  5 giant cockroaches (D:1)
  5 goblins
  6 hobgoblins
  3 jackals (D:1)
  3 quokkas
  2 bats
  5 kobolds
  4 rats (D:1)
51 creatures vanquished.

Vanquished Creatures (others)
  A bat (D:3)
  A quokka (D:3)
2 creatures vanquished.

Grand Total: 53 creatures vanquished

Notes
Turn   | Place    | Note
-------+----------+-------------------------------------------
     0 | D:1      | Newt the Demonspawn Gladiator began the quest for the Orb.
     0 | D:1      | Reached XP level 1. HP: 16/16 MP: 1/1
   158 | D:1      | Gained mutation: You sometimes gain a little power by
                  | taking damage. [demonic ancestry]
   158 | D:1      | Reached XP level 2. HP: 15/23 MP: 2/2
   251 | D:1      | Reached skill level 3 in Fighting
   389 | D:1      | Gained mutation: You have a pair of small antennae on your
                  | head. [demonic ancestry]
   389 | D:1      | Reached XP level 3. HP: 29/29 MP: 3/3
  1219 | D:2      | Reached skill level 4 in Fighting
  1322 | D:2      | Noticed Terence
  1335 | D:2      | Killed Terence
  1336 | D:2      | Reached skill level 1 in Maces & Flails
  1336 | D:2      | Reached XP level 4. HP: 12/37 MP: 4/4
  1903 | D:3      | Found a faded altar of an unknown god.
  1906 | D:3      | Found Gozag's Platinum Reserve.
  1907 | D:3      | Noticed Sigmund
  1908 | D:3      | Found an opulent altar of Gozag.
  1950 | D:3      | Killed Sigmund
  1951 | D:3      | Reached skill level 5 in Fighting
  1951 | D:3      | Gained mutation: You are partially covered in large bone
                  | plates. (SH +4) [demonic ancestry]
  1951 | D:3      | Reached XP level 5. HP: 34/44 MP: 5/5
  2014 | D:3      | Noticed Ijyb
  2014 | D:3      | Noticed Jessica
  2019 | D:3      | Reached XP level 6. HP: 35/51 MP: 6/6
  2051 | D:3      | Killed from afar by Ijyb

Illustrated notes

Levels and vault maps discovered:
D:1:      dpeg_arrival_tiny_b, layout_basic, minmay_nonomino_d4
D:2:      layout_basic, uniq_terence
D:3:      layout_rooms, mainiacjoe_overflow_alcove_1,
          nicolae_gozag_zags_fifth_avenue, lemuel_doored_altar,
          nicolae_wu_jian_wuxing_cycle, basic_ecumenical_altar, uniq_ijyb,
          uniq_natasha, uniq_jessica, uniq_sigmund

Skill      XL: |  1  2  3  4 |
---------------+-------------+-----
Fighting       | 3 4 5 |  5.2
Maces & Flails | 1 3 |  3.0
Short Blades   | |  2.6
Throwing       | |  1.7
Dodging        | |  2.6

Action                     |  1- 3 |  4- 6 || total
---------------------------+-------+-------++-------
  Melee: Rapier            |   110 |       ||   110
         Whip              |    18 |    45 ||    63
         Punch             |       |     1 ||     1
  Throw: Throwing net      |     2 |       ||     2
         Javelin           |       |     1 ||     1
    Use: Scroll            |       |     7 ||     7
         Potion            |       |     3 ||     3
   Stab: Held in net/web   |     1 |       ||     1
 Armour: Leather armour    |    28 |     9 ||    37
  Dodge: Dodged            |    93 |    33 ||   126
  Block: Other             |       |     5 ||     5

Table legend: (Time is in decaauts)
 A = Elapsed time spent in this place.
 B = Non-inter-level travel time spent in this place.
 C = Inter-level travel time spent in this place.
 D = Time resting spent in this place.
 E = Time spent auto-exploring this place.
 F = Levels seen in this place.
 G = Mean time per level.
                   A        B        C        D        E       F      G
               +--------+--------+--------+--------+--------+-----+--------+
         Total |   2060 |   1978 |     82 |    121 |   1447 |   3 |  686.7 |
       Dungeon |   2060 |   1978 |     82 |    121 |   1447 |   3 |  686.7 |
               +--------+--------+--------+--------+--------+-----+--------+

Top non-repeatable levels by time:
     D:2: 980 daAuts
     D:1: 951 daAuts
     D:3: 128 daAuts
